 Dungeon Crawl Stone Soup version 0.28.0-43-g3370ac3207 (webtiles) character file.

Game seed: 7720083680630342114

117 pkoi the Gusty (level 4, -2/33 HPs)
             Began as a Draconian Air Elementalist on Mar 2, 2022.
             Killed by nerve-wracking pain
             ... invoked by Grinder
              (14 damage)
             ... on level 3 of the Dungeon.
             The game lasted 00:03:13 (2570 turns).

pkoi the Gusty (Draconian Air Elementalist)         Turns: 2570, Time: 00:03:13

Health: -2/33      AC:  5    Str: 11    XL:     4   Next: 71%
Magic:  1/7        EV: 12    Int: 17    God:
Gold:   80         SH:  0    Dex: 11    Spells: 6/7 levels left

rFire   . . .      SeeInvis .   h - +2 dagger (venom)
rCold   . . .      Faith    .   (no shield)
rNeg    . . .      Spirit   .   (armour unavailable)
rPois   .          Reflect  .   (helmet restricted)
rElec   .          Harm     .   (no cloak)
rCorr   .          Rampage  .   (no gloves)
Will    .....                   (no boots)
Stlth   ++........              (no amulet)
HPRegen 0.11/turn               (no ring)
MPRegen 0.10/turn               (no ring)

@: no status effects
A: AC +5, unfitting armour, cold-blooded
a: no special abilities


You were on level 3 of the Dungeon.
You visited 1 branch of the dungeon, and saw 3 of its levels.

You collected 80 gold pieces.

Inventory:

Hand Weapons
 c - a +0 mace
 g - a +0 dagger of venom
 h - a +2 dagger of venom (weapon)
Missiles
 d - 6 poisoned darts
Scrolls
 e - a scroll of fear {unknown}
 f - a scroll of vulnerability {unknown}
 i - a scroll of teleportation {unknown}
 k - 4 scrolls of identify {unknown}
 m - 2 scrolls of enchant weapon {unknown}
Potions
 a - a potion of curing {unknown}
 b - a potion of flight {unknown}
 j - a potion of haste {unknown}
 l - 3 potions of heal wounds {unknown}


   Skills:
 - Level 1.7 Dodging
 - Level 1.7 Stealth
 - Level 2.0 Spellcasting
 - Level 1.0 Conjurations
 + Level 5.5 Air Magic


You had 6 spell levels left.
You knew the following spells:

 Your Spells              Type           Power      Damage    Failure   Level
a - Shock                 Conj/Air       48%        1d6       4%          1

Your spell library contained the following spells:

 Spells                   Type           Power      Damage    Failure   Level
 Swiftness                Air            20%        N/A       6%          3
 Static Discharge         Conj/Air       12%        N/A       8%          2
 Airstrike                Air            10%        N/A       21%         4


Dungeon Overview and Level Annotations

Branches:
Dungeon (3/15)

Altars:

Annotations:
D:3 Grinder


Innate Abilities, Weirdness & Mutations

Your plain brown scales are hard. (AC +5)
You cannot fit into any form of body armour.
You are cold-blooded and may be slowed by cold attacks.


Message History

Aiming: Shock (safe; 4% risk of failure)
Press: ? - help, Q - select action, (/) - cycle Shift-Dir - straight line The zap hits Grinder.
Grinder is severely wounded.
The zap misses Grinder.
Unknown command.
Aiming: Shock (safe; 4% risk of failure)
Press: ? - help, Q - select action, (/) - cycle Shift-Dir - straight line The zap hits Grinder.
Grinder is severely wounded.
Grinder blinks!
Unknown command.
You start resting.
Grinder is nearby!
Aiming: Shock (safe; 4% risk of failure)
Press: ? - help, Q - select action, (/) - cycle Shift-Dir - straight line The zap hits Grinder.
Grinder is almost dead.
The zap hits Grinder.
Grinder is almost dead.
Grinder gestures at you. Pain shoots through your body!
* * * LOW HITPOINT WARNING * * *
You start resting.
Grinder is nearby!
Grinder hits you.
* * * LOW HITPOINT WARNING * * *
You writhe in agony.
* * * LOW HITPOINT WARNING * * *
You closely miss Grinder.
Grinder is almost dead.
Grinder looks more healthy.
Grinder blinks!
You barely miss Grinder. You tail-slap Grinder.
Grinder is almost dead.
Grinder hits you but does no damage.
You hit Grinder.
Grinder is almost dead.
Grinder gestures at you. Pain shoots through your body!
You die...

#.#..# #.#
#.##.# #.#
#.##.#####.#
#.##.......#
#.##########
#.#
#####.#.#
#.....#.#
#@#####.#
#5......#
#########


You could see Grinder.

Vanquished Creatures
  Jessica (D:2)
  Natasha (D:3)
  2 adders (D:2)
  A dart slug (D:2)
  9 bats
  3 endoplasms
  A giant cockroach (D:1)
  7 goblins
  5 hobgoblins
  3 jackals (D:1)
  3 kobolds
  2 ball pythons
  3 frilled lizards
  4 rats
45 creatures vanquished.

Notes
Turn   | Place    | Note
-------+----------+-------------------------------------------
     0 | D:1      | pkoi the Draconian Air Elementalist began the quest for the
                  | Orb.
     0 | D:1      | Reached XP level 1. HP: 14/14 MP: 3/3
   182 | D:1      | Reached XP level 2. HP: 20/20 MP: 0/5
   879 | D:1      | Reached skill level 4 in Air Magic
  1170 | D:2      | Reached XP level 3. HP: 26/26 MP: 4/6
  1792 | D:2      | Noticed Jessica
  1797 | D:2      | Killed Jessica
  1798 | D:2      | Reached skill level 5 in Air Magic
  1798 | D:2      | Reached XP level 4. HP: 33/33 MP: 1/7
  2143 | D:3      | Noticed Natasha
  2150 | D:3      | Killed Natasha
  2550 | D:3      | Noticed Grinder
  2570 | D:3      | Killed from afar by Grinder

Illustrated notes

Levels and vault maps discovered:
D:1:      heliophobic_arrival_henge, layout_rooms
D:2:      layout_loops_ring, uniq_jessica
D:3:      layout_basic, hellmonk_ecumenical_altar_lost_god, uniq_natasha,
          uniq_grinder

Skill      XL: |  1  2  3 |
---------------+----------+-----
Air Magic      | 4 5 |  5.5
Dodging        | |  1.7
Stealth        | |  1.7
Spellcasting   | |  2.0
Conjurations   | |  1.0

Action                   |  1- 3 |  4- 6 || total
-------------------------+-------+-------++-------
Melee: Unarmed           |    24 |       ||    24
       Tailslap          |     4 |     2 ||     6
       Mace              |     3 |       ||     3
       Dagger            |     2 |     4 ||     6
 Cast: Shock             |    68 |    32 ||   100
Armor: Skin              |    14 |     2 ||    16
Dodge: Dodged            |    30 |     5 ||    35
